Map: Одиссея РВ

Players

ИИ 1 (эксперт) - Winner!

  • Race: Terran Terran
  • Spawn Location: 5:00

Doll

  • Race: Zerg Zerg
  • Spawn Location: 11:00

VOD

Have the link to the VOD?

Description

Time

  • Played on: Oct. 4, 2022, 3:10 p.m.
  • Length: 6:46
Show
View Real Time Build Order
Export as new Build Order

ИИ 1 (эксперт) Terran - Winner!

Build Orders:  

Get SALT Encoding   

  12  0:00  SCV  
  13  0:13  SCV  
  14  0:19  Supply Depot  
  14  0:25  SCV  
  15  0:40  SCV  
  16  0:45  Barracks  
  16  0:53  SCV  
  17  1:05  SCV  
  18  1:17  SCV, Supply Depot  
  19  1:21  Refinery  
  19  1:29  SCV  
  20  1:33  Marine  
  21  1:41  SCV  
  22  1:50  Barracks  
  22  1:51  Marine  
  22  1:53  SCV  
  24  1:57  Refinery  
  24  2:02  Supply Depot  
  24  2:05  SCV  
  25  2:09  Marine  
  26  2:17  SCV  
  27  2:26  Factory, Marine  
  27  2:29  SCV  
  29  2:37  Marine  
  29  2:41  SCV  
  31  2:44  Marine  
  32  2:53  SCV  
  32  2:55  Marine  
  34  3:02  Marine  
  35  3:06  SCV, Barracks  
  36  3:13  Marine  
  36  3:18  SCV  
  38  3:20  Barracks Tech Lab  
  38  3:27  Starport  
  38  3:28  Factory Tech Lab  
  38  3:30  SCV  
  38  3:32  Barracks Tech Lab, Supply Depot  
  39  3:53  Marine  
  39  3:54  SCV, Marine  
  42  3:58  Stimpack  
  42  4:03  Combat Shield  
  42  4:06  SCV  
  43  4:18  SCV  
  44  4:30  SCV  
  45  4:38  Supply Depot  
  45  4:42  SCV  
  46  4:54  SCV  
  46  4:59  Marine x3  
  48  5:00  Medivac  
  48  5:01  Supply Depot  
  48  5:06  SCV  
  53  5:18  SCV  
  54  5:22  Barracks Reactor, Marine, Engineering Bay  
  54  5:23  Marauder  
  54  5:28  Command Center, Barracks  
  57  5:30  Medivac, SCV  
  57  5:31  Supply Depot  
  56  5:55  Marauder  
  52  5:58  Marine  
  52  6:01  Marine  
  52  6:04  Marine  
  53  6:16  Marine  
  53  6:17  Marauder, Marine  
  61  6:34  Engineering Bay  
  64  6:41  Supply Depot  
Show
View Real Time Build Order
Export as new Build Order

Doll Zerg 

Build Orders: Pool First 

Get SALT Encoding   

  12  0:00  Drone  
  13  0:12  Overlord  
  13  0:17  Drone  
  14  0:36  Spawning Pool  
  14  0:38  Drone  
  14  0:41  Drone  
  15  0:46  Drone  
  16  0:51  Extractor  
  16  0:52  Drone  
  16  1:01  Drone  
  17  1:14  Drone  
  18  1:23  Drone  
  18  1:24  Queen  
  21  1:29  Roach Warren  
  20  1:35  Overlord  
  20  1:44  Drone  
  21  1:51  Metabolic Boost  
  21  1:55  Zergling x2  
  22  2:09  Drone  
  22  2:10  Extractor  
  22  2:21  Zergling x2  
  23  2:23  Hatchery  
  23  2:29  Lair  
  23  2:34  Zergling x2  
  23  2:36  Zergling x2  
  25  2:42  Roach  
  27  2:47  Zergling x2  
  28  2:58  Drone  
  29  3:00  Drone  
  29  3:01  Baneling Nest  
  29  3:06  Overlord  
  29  3:17  Zergling x2  
  30  3:26  Roach x2  
  36  3:27  Roach  
  36  3:32  Zergling x2  
  37  3:38  Zergling x2  
  38  3:44  Zergling x2  
  38  3:48  Overlord  
  39  3:53  Baneling x3  
  39  3:59  Zergling x2  
  39  4:00  Zergling x2  
  39  4:01  Baneling  
  41  4:04  Drone  
  41  4:08  Drone, Extractor  
  42  4:10  Queen  
  42  4:14  Baneling  
  44  4:17  Zergling x2  
  44  4:19  Baneling  
  44  4:21  Drone  
  46  4:24  Drone  
  46  4:25  Drone  
  46  4:30  Roach  
  50  4:33  Drone  
  50  4:36  Drone  
  52  4:42  Overlord  
  52  4:47  Overlord  
  52  4:58  Glial Reconstitution  
  52  5:01  Drone  
  52  5:02  Drone x2  
  52  5:04  Drone  
  52  5:07  Drone  
  57  5:10  Drone  
  58  5:16  Drone  
  58  5:19  Drone x2  
  61  5:25  Centrifugal Hooks  
  61  5:31  Drone x3  
Tags
 
Add a new tag
Caveats
  • Supply blocks, unpowered buildings, or Contaminate may cause inaccurate times.
  • Supply counts are checked every 10 seconds.